 Dungeon Crawl Stone Soup version 0.30-a0-359-gd0147acb1a (webtiles) character file.

Game seed: 13759488175868125956

25 Maxmaps the Shield-Bearer (level 3, -1/29 HPs)
             Began as a Formicid Fighter on Nov 11, 2022.
             Succumbed to Terence's poison
             ... on level 2 of the Dungeon.
             The game lasted 00:00:48 (877 turns).

Maxmaps the Shield-Bearer (Formicid Fighter)         Turns: 877, Time: 00:00:49

Health: -1/29      AC:  6    Str: 20    XL:     3   Next: 17%
Magic:  0/3        EV:  9    Int:  7    God:
Gold:   56         SH:  5    Dex: 15    Spells: 2/2 levels left

rFire   . . .      SeeInvis +    a - +0 long sword
rCold   . . .      Faith    .    c - +0 buckler
rNeg    . . .      Spirit   +    b - +0 scale mail
rPois   .          Reflect  .    (helmet unavailable)
rElec   .          Harm     .    (no cloak)
rCorr   .          Rampage  .    (no gloves)
Will    .....                    (no boots)
Stlth   ..........               i - amulet of guardian spirit
HPRegen 0.24/turn                (no ring)
MPRegen 0.08/turn                (no ring)

@: lethally poisoned (-1 -> -15)
A: permanent stasis, dig shafts and tunnels, antennae 3, four strong arms
a: Dig, Shaft Self


You were on level 2 of the Dungeon.
You visited 1 branch of the dungeon, and saw 2 of its levels.

You collected 56 gold pieces.

Inventory:

Hand Weapons
 a - a +0 long sword (weapon)
Armour
 b - a +0 scale mail (worn)
 c - a +0 buckler (worn)
Jewellery
 i - an amulet of guardian spirit (around neck)
Scrolls
 e - a scroll of noise {unknown}
 f - 2 scrolls of summoning {unknown}
 g - a scroll of fear {unknown}
Potions
 d - a potion of might
 h - 2 potions of curing {unknown}


   Skills:
 - Level 3.2 Fighting
 + Level 3.4 Long Blades
 - Level 3.2 Armour
 - Level 4.0 Shields


You had 2 spell levels left.
You didn't know any spells.
Your spell library was empty.

Dungeon Overview and Level Annotations

Branches:
Dungeon (2/15)

Altars:

Annotations:
D:2 Terence


Innate Abilities, Weirdness & Mutations

You cannot be hasted, slowed, berserked, paralysed or teleported.
You can dig through walls and to a lower floor.
You have a pair of large antennae on your head. (SInv)
Your four strong arms can wield two-handed weapons with a shield.


Message History

The jackal bites you but does no damage.
You slash the jackal!
You kill the jackal!
The jackal barely misses you.
You miss the jackal. You block the jackal's attack.
You barely miss the jackal. You block the jackal's attack.
The jackal barely misses you.
You slash the jackal!
You kill the jackal!
The jackal bites you.
You slash the jackal!
You kill the jackal!
Terence barely misses you.
You hit Terence.
Terence is lightly wounded.
Terence hits you with a +2 hand axe of venom.
You are poisoned.
You hit Terence.
Terence is moderately wounded.
You feel sick.
Terence hits you with a +2 hand axe of venom.
You are more poisoned.
You hit Terence.
Terence is moderately wounded.
You feel very sick. Terence hits you but does no damage.
You closely miss Terence.
Terence is moderately wounded.
You feel very sick. Terence hits you but does no damage.
You are lethally poisoned!
You block Terence's attack.
You closely miss Terence.
Terence is moderately wounded.
You feel very sick.
Terence hits you with a +2 hand axe of venom!
* * * LOW HITPOINT WARNING * * *
You hit Terence.
Terence is heavily wounded.
You die...

#..........#
#......<...#
#.......<..#
#..........#
#..........#
#[.†.......#
#######.#.#######
#.....<.#.#
...#######@# #@#
. #h# ....#####.#
.....h....#
..........#
.......<..#
..........#
..........#


You could see Terence and a jackal.

Vanquished Creatures
  4 ball pythons (D:1)
  A bat (D:1)
  An endoplasm (D:1)
  2 giant cockroaches (D:1)
  2 hobgoblins (D:1)
  3 jackals (D:2)
  3 kobolds (D:1)
  A quokka (D:1)
  3 frilled lizards (D:1)
  4 rats
24 creatures vanquished.

Notes
Turn   | Place    | Note
-------+----------+-------------------------------------------
     0 | D:1      | Maxmaps the Formicid Fighter began the quest for the Orb.
     0 | D:1      | Reached XP level 1. HP: 18/18 MP: 1/1
    34 | D:1      | Found a faded altar of an unknown god.
    77 | D:1      | Reached XP level 2. HP: 24/24 MP: 2/2
   629 | D:1      | Reached XP level 3. HP: 29/29 MP: 3/3
   854 | D:2      | Noticed Terence
   877 | D:2      | Succumbed to Terence's poison

Illustrated notes

Levels and vault maps discovered:
D:1:      dpeg_arrival_stone_temple_mockup, layout_basic,
          chequers_ecumenical_altar_simple
D:2:      layout_rooms, uniq_terence

Skill      XL: |  1  2 |
---------------+-------+-----
Long Blades    | 3 |  3.4
Fighting       | |  3.2
Armour         | |  3.2
Shields        | |  4.0

Action                   || total
-------------------------++-------
Melee: Long sword        ||    67
Armor: Scale mail        ||    32
Dodge: Dodged            ||    32
Block: Buckler           ||    16

Table legend: (Time is in decaauts)
 A = Elapsed time spent in this place.
 B = Non-inter-level travel time spent in this place.
 C = Inter-level travel time spent in this place.
 D = Time resting spent in this place.
 E = Time spent auto-exploring this place.
 F = Levels seen in this place.
 G = Mean time per level.
                   A        B        C        D        E       F      G
               +--------+--------+--------+--------+--------+-----+--------+
         Total |    895 |    893 |      2 |      0 |    735 |   2 |  447.5 |
       Dungeon |    895 |    893 |      2 |      0 |    735 |   2 |  447.5 |
               +--------+--------+--------+--------+--------+-----+--------+

Top non-repeatable levels by time:
     D:1: 843 daAuts
     D:2: 52 daAuts
